AoeStats
← petunssu

Arabia

510438235Analyzed
1v1 RM · 23h ago on Oct 1, 2026· 91m 0s· 2 players
Game mode
Random Map
Map size
Tiny (2 player)
Population
200
Speed
Normal
Resources
Standard
Victory
Conquest
Starting age
Dark Age
Ending age
Imperial Age
RankedLock teamsTeams togetherTeam positionsShared explorationLock speedFull tech treeHidden civsTurbo modeCheats
Victory
Defeat
🇨🇳 Britons · China
1166
+15
🇧🇷 Tatars · Brazil
1148
-15
petunssu
6:38 Loom
8:59 Feudal Age
9:25 Double-Bit Axe
11:38 Horse Collar
20:42 Castle Age
18:36 Gold Mining
21:41 Fletching
21:51 Padded Archer Armor
24:00 Bodkin Arrow
27:18 Bow Saw
28:53 Leather Archer Armor
31:18 Ballistics
31:03 Husbandry
35:50 Bloodlines
36:59 Wheelbarrow
36:09 Town Watch
39:11 Hand Cart
38:57 Town Patrol
39:16 Heavy Plow
45:41 Imperial Age
43:31 Elite Skirmisher
44:34 Stone Mining
46:36 Bracer
48:54 Ring Archer Armor
49:13 Town Patrol
50:20 Conscription
51:53 Onager
56:31 Guilds
57:23 Siege Engineers
59:28 Timurid Siegecraft
59:27 Sappers
62:17 Treadmill Crane
62:47 Masonry
74:04 Forging
73:59 Scale Barding Armor
73:57 Scale Mail Armor
75:04 Light Cavalry
76:21 Iron Casting
76:06 Chain Barding Armor
75:55 Hussar
77:15 Silk Armor
83:06 Chain Barding Armor
84:29 Blast Furnace
88:08 Plate Barding Armor
平安喜乐
4:42 Loom
9:02 Feudal Age
11:54 Double-Bit Axe
14:07 Horse Collar
21:05 Castle Age
19:05 Fletching
19:48 Padded Archer Armor
21:43 Bodkin Arrow
21:10 Crossbowman
22:31 Bow Saw
23:59 Ballistics
24:44 Leather Archer Armor
28:22 Town Watch
29:12 Wheelbarrow
37:52 Imperial Age
36:09 Gold Mining
36:10 Stone Mining
37:01 Yeomen
37:59 Elite Longbowman
38:40 Bracer
40:18 Two-Man Saw
40:24 Chemistry
39:47 Conscription
40:52 Ring Archer Armor
42:35 Masonry
42:06 Treadmill Crane
44:20 Architecture
43:58 Guard Tower
44:04 Murder Holes
49:10 Keep
50:13 Husbandry
51:57 Warwolf
52:52 Hoardings
55:00 Siege Engineers
55:29 Light Cavalry
57:07 Arrowslits
57:35 Elite Skirmisher
58:35 Heavy Mounted Crossbowman
59:33 Cranequins
65:22 Heavy Plow
90:04 Capped Ram
Connection lost

Rejoining the realm…

Still unreachable

The connection could not be restored.

Session expired

The server has moved on; the page needs a fresh start.